AoeStats
← Lewy6594

Michi

515491080Analyzed
1v1 RM · 25d ago on Oct 22, 2026· 139m 17s· 2 players
Game mode
Random Map
Map size
Tiny (2 player)
Population
200
Speed
Normal
Resources
Standard
Victory
Conquest
Starting age
Dark Age
Ending age
Imperial Age
RankedLock teamsTeams togetherTeam positionsShared explorationLock speedFull tech treeHidden civsTurbo modeCheats
Victory
Defeat
🇻🇳 Vietnamese · Vietnam
718
+15
vs
🇵🇱 Portuguese · Poland
693
-15
Lewy6594
6:55 Loom
8:56 Feudal Age
9:23 Horse Collar
9:29 Double-Bit Axe
11:13 Wheelbarrow
11:17 Town Watch
12:59 Gold Mining
17:57 Castle Age
18:10 Stone Mining
19:20 Bow Saw
19:11 Heavy Plow
22:22 Hand Cart
23:51 Stone Shaft Mining
23:55 Town Patrol
30:02 Imperial Age
27:51 Masonry
27:23 Treadmill Crane
28:00 Masonry
27:49 Murder Holes
28:15 Ballistics
32:01 Chemistry
32:59 Bloodlines
32:50 Husbandry
32:13 Cavalier
35:06 Crop Rotation
35:38 Two-Man Saw
36:59 Arquebus
37:23 Conscription
36:55 Fletching
37:07 Padded Archer Armor
37:19 Forging
37:17 Scale Barding Armor
37:11 Cavalier
37:15 Light Cavalry
39:08 Bodkin Arrow
39:48 Iron Casting
39:30 Leather Archer Armor
39:22 Devotion
39:43 Block Printing
40:26 Architecture
40:02 Siege Engineers
39:54 Guard Tower
40:11 Elite Organ Gun
42:17 Onager
44:40 Bracer
45:07 Chain Barding Armor
45:48 Blast Furnace
48:31 Plate Barding Armor
50:42 Fortified Wall
51:08 Keep
88:11 Bombard Tower
95:42 Pikeman
100:40 Fervor
100:28 Halberdier
105:17 Scale Mail Armor
107:22 Chain Mail Armor
107:43 Man-at-Arms
108:58 Plate Mail Armor
108:19 Gambesons
108:42 Long Swordsman
109:07 Two-Handed Swordsman
110:04 Champion
©winterman199
9:46 Feudal Age
11:31 Wheelbarrow
10:45 Double-Bit Axe
15:13 Castle Age
16:51 Hand Cart
16:32 Gold Mining
16:35 Stone Mining
18:45 Coinage
18:15 Caravan
20:42 Loom
21:13 Horse Collar
22:29 Town Watch
25:28 Stone Shaft Mining
32:20 Imperial Age
31:02 Ballistics
31:11 Scale Barding Armor
31:17 Forging
30:58 Fletching
31:09 Padded Archer Armor
32:59 Chain Barding Armor
33:42 Bodkin Arrow
34:23 Iron Casting
34:11 Heavy Plow
34:46 Elite Rattan Archer
36:11 Guilds
36:39 Banking
37:35 Chemistry
36:17 Treadmill Crane
37:38 Crop Rotation
37:26 Leather Archer Armor
37:46 Bow Saw
38:05 Bracer
38:41 Iron Casting
38:47 Masonry
38:55 Fortified Wall
39:27 Elite Battle Elephant
40:42 Chatras
41:07 Paper Money
41:53 Bloodlines
41:43 Husbandry
41:04 Light Cavalry
42:32 Ring Archer Armor
42:38 Plate Barding Armor
43:21 Plate Barding Armor
42:53 Siege Engineers
42:48 Murder Holes
42:57 Cavalier
47:03 Two-Man Saw
46:09 Scale Mail Armor
46:08 Capped Ram
48:22 Onager
52:48 Hoardings
53:30 Hoardings
54:04 Hoardings
52:59 Sappers
56:15 Bombard Tower
57:17 Man-at-Arms
57:18 Pikeman
57:58 Squires
57:45 Arson
57:25 Elite Fire Lancer
58:22 Halberdier
58:24 Long Swordsman
60:33 Heavy Cavalry Archer
61:23 Thumb Ring
71:18 Chain Mail Armor
70:30 Two-Handed Swordsman
71:05 Two-Handed Swordsman
74:48 Crossbowman
74:50 Elite Skirmisher
81:13 Imperial Skirmisher
Connection lost

Rejoining the realm…

Still unreachable

The connection could not be restored.

Session expired

The server has moved on; the page needs a fresh start.